 Dungeon Crawl Stone Soup version 0.32-a0-519-g08f29ac1c3 (webtiles) character file.

Game seed: 7593534549864937419

114 seren the Sneak (level 4, 0/34 HPs)
             Began as a Coglin Brigand on Feb 27, 2024.
             Slain by a sleepcap (7 damage)
             ... on level 4 of the Dungeon.
             The game lasted 00:06:05 (2473 turns).

seren the Sneak (Coglin Brigand)                    Turns: 2473, Time: 00:06:06

Health: 0/34       AC:  4    Str: 12    XL:     4   Next: 97%
Magic:  4/4        EV: 12    Int: 10    God:
Gold:   103        SH:  0    Dex: 17    Spells: 3/3 levels left

rFire   . . .        a - +2 dagger {Wilhemina}
rCold   . . .        i - +0 dagger {Margit}
rNeg    . . .        r - +0 leather armour
rPois   .            (no helmet)
rElec   .            c - +0 cloak
rCorr   .            (no gloves)
SInv    .            (no boots)
Will    .....        (no amulet)
Stlth   ++           (ring unavailable)
HPRegen 0.25/turn    (ring unavailable)
MPRegen 0.09/turn

%: no passive effects
@: revved
A: off-hand wielding, slow wielding, warmup strikes, no rings
a: no special abilities


You were on level 4 of the Dungeon.
You visited 1 branch of the dungeon, and saw 4 of its levels.

You collected 103 gold pieces.

Inventory:

Hand Weapons
 a - a +2 dagger (weapon) {Wilhemina}
 i - a +0 dagger (offhand) {Margit}
Missiles
 d - 9 poisoned darts (quivered)
 e - 3 curare-tipped darts
Armour
 b - a +0 robe
 c - a +0 cloak (worn)
 r - a +0 leather armour (worn)
Jewellery
 q - an amulet of magic regeneration
Talismans
 f - a serpent talisman
Scrolls
 g - a scroll of blinking {unknown}
 j - a scroll of fear {unknown}
 m - a scroll of acquirement {unknown}
 o - a scroll of immolation {unknown}
 p - 2 scrolls of teleportation {unknown}
 t - a scroll of poison {unknown}
 u - a scroll of enchant armour {unknown}
Potions
 h - 2 potions of curing
 k - a potion of mutation {unknown}
 l - a potion of cancellation {unknown}
 n - a potion of invisibility {unknown}
 s - a potion of heal wounds {unknown}


   Skills:
 + Level 2.8 Fighting
 + Level 2.4 Short Blades
 + Level 2.5 Throwing
 + Level 0.5 Armour
 + Level 1.8 Dodging
 + Level 3.7 Stealth


You had 3 spell levels left.
You didn't know any spells.
Your spell library contained the following spells:

 Spells                   Type           Power      Damage    Failure   Level
 Call Canine Familiar     Summ           0%         N/A       82%         3
 Dazzling Flash           Conj/Hex       0%         N/A       82%         3
 Mephitic Cloud           Conj/Alch/Air  0%         N/A       82%         3
 Sigil of Binding         Hex            0%         N/A       82%         3
 Dimensional Bullseye     Hex/Tloc       0%         N/A       99%         4
 Curse of Agony           Necr           0%         N/A       100%        5
 Silence                  Hex/Air        0%         N/A       100%        5


Dungeon Overview and Level Annotations

Branches:
Dungeon (4/15)
 Temple: D:4-7

Altars:
Gozag

Shops:
D:3 [

Annotations:
D:3 3 runed translucent doors, bottledwater03's ghost, amateur CoHu


Innate Abilities, Weirdness & Mutations

You can wield a second weapon in your off-hand.
It takes a long time for you to wield or remove held weapons.
Your first few attacks do less damage.
Your grasper-arms cannot wear rings.


Message History

The sleepcap releases spores at you but does no damage.
You hit the sleepcap with your +0 dagger.
The sleepcap is lightly damaged.
You hit the sleepcap with your +2 dagger.
The sleepcap releases spores at you.
* * * LOW HITPOINT WARNING * * *
You are engulfed in a cloud of soporific spores!
You are unaffected.
You hit the sleepcap with your +2 dagger.
The sleepcap is moderately damaged.
You hit the sleepcap but do no damage. The sleepcap releases spores at you.
* * * LOW HITPOINT WARNING * * *
You are engulfed in a cloud of soporific spores!
You are unaffected.
You hit the sleepcap but do no damage.
The sleepcap is moderately damaged.
You hit the sleepcap but do no damage.
You hit the sleepcap with your +0 dagger.
The sleepcap is moderately damaged.
You hit the sleepcap with your +2 dagger.
The sleepcap misses you.
You hit the sleepcap but do no damage.
The sleepcap is moderately damaged.
You hit the sleepcap but do no damage. The sleepcap releases spores at you.
* * * LOW HITPOINT WARNING * * *
You are engulfed in a cloud of soporific spores!
You fall asleep.
The sleepcap releases spores at you!
You wake up.
* * * LOW HITPOINT WARNING * * *
You are engulfed in a cloud of soporific spores!
You are unaffected.
You feel better. The sleepcap misses you.
You hit the sleepcap with your +0 dagger.
The sleepcap is moderately damaged.
You hit the sleepcap but do no damage. The sleepcap releases spores at you.
* * * LOW HITPOINT WARNING * * *
You hit the sleepcap with your +2 dagger.
The sleepcap is heavily damaged.
You hit the sleepcap but do no damage. The sleepcap releases spores at you!
You die...

...........#....#....
#.................f..
.##...........#.._....
.[............#....#..
#............###.....
##............# ..##.
#.............# ##
...#...f.....#
###@....### #.....#
###....####
#.........#
#.........#
#..........#
##.>...##### ###...#
##..#


You could see a sleepcap.

Vanquished Creatures
  An iguana (D:4)
  2 adders
  A ribbon worm (D:2)
  4 dart slugs
  4 orcs (D:3)
  5 endoplasms
  A goblin (D:1)
  3 hobgoblins
  4 jackals (D:3)
  7 kobolds
  5 quokkas
  6 ball pythons
  2 bats
  8 frilled lizards
  A rat (D:2)
54 creatures vanquished.

Notes
Turn   | Place    | Note
-------+----------+-------------------------------------------
     0 | D:1      | seren the Coglin Brigand began the quest for the Orb.
     0 | D:1      | Reached XP level 1. HP: 16/16 MP: 1/1
    58 | D:1      | Reached skill level 1 in Dodging
    88 | D:1      | Reached XP level 2. HP: 22/22 MP: 2/2
   497 | D:1      | Reached XP level 3. HP: 27/27 MP: 3/3
   819 | D:2      | Found a faded altar of an unknown god.
  1673 | D:3      | Reached XP level 4. HP: 34/34 MP: 4/4
  1698 | D:3      | Found Lirayny's Armour Emporium.
  2090 | D:3      | Found a runed translucent gate.
  2090 | D:3      | Found a runed translucent gate.
  2091 | D:3      | Found a runed translucent gate.
  2094 | D:3      | Noticed bottledwater03's ghost (amateur CoHu)
  2448 | D:4      | Found an opulent altar of Gozag.
  2473 | D:4      | Slain by a sleepcap

Illustrated notes

Levels and vault maps discovered:
D:1:      lemuel_arrival_cross, layout_loops_ring
D:2:      layout_loops_ring, chequers_ecumenical_altar_simple_redux
D:3:      layout_basic, serial_shops, nicolae_shop_behind_doors,
          gammafunk_ghost_necromancy
D:4:      layout_cave_pools, nzn_overflow_gifts_of_might_and_magic,
          overflow_temple_1_default, minmay_temple_entry_overgrown, uniq_grinder

Skill      XL: |  1  2 |
---------------+-------+-----
Dodging        | 1 |  1.8
Short Blades   | 2 |  2.4
Throwing       | 2 |  2.5
Fighting       | |  2.8
Armour         | |  0.5
Stealth        | |  3.7

Action                     |  1- 3 |  4- 6 || total
---------------------------+-------+-------++-------
  Melee: Dagger            |   128 |   110 ||   238
    Use: Potion            |     1 |     1 ||     2
   Stab: Sleeping          |    10 |     3 ||    13
 Armour: Robe              |    39 |       ||    39
         Leather armour    |       |    28 ||    28
  Dodge: Dodged            |    43 |    31 ||    74

Table legend: (Time is in decaauts)
 A = Elapsed time spent in this place.
 B = Non-inter-level travel time spent in this place.
 C = Inter-level travel time spent in this place.
 D = Time resting spent in this place.
 E = Time spent auto-exploring this place.
 F = Levels seen in this place.
 G = Mean time per level.
                   A        B        C        D        E       F      G
               +--------+--------+--------+--------+--------+-----+--------+
         Total |   2455 |   2351 |    104 |    268 |   1497 |   4 |  613.8 |
       Dungeon |   2455 |   2351 |    104 |    268 |   1497 |   4 |  613.8 |
               +--------+--------+--------+--------+--------+-----+--------+

Top non-repeatable levels by time:
     D:1: 806 daAuts
     D:3: 804 daAuts
     D:2: 801 daAuts
     D:4: 43 daAuts
